 Dungeon Crawl Stone Soup version 0.27.1-3-gb3d3a73c9e (webtiles) character file.

Game seed: 2212129596773211508

168 bearlyready the Skirmisher (level 5, -12/48 (55) HPs)
             Began as an Ogre Arcane Marksman on Oct 27, 2021.
             Was a Believer of Trog.
             Mangled by an orc warrior (14 damage)
             ... on level 6 of the Dungeon.
             The game lasted 00:06:01 (3016 turns).

bearlyready the Skirmisher (Ogre Arcane Marksman)   Turns: 3016, Time: 00:06:02

HP:   -12/48 (55)   AC:  3    Str: 15    XL:     5   Next: 48%
MP:   6/6           EV:  9    Int: 14    God:    Trog [**....]
Gold: 115           SH:  0    Dex:  9    Spells: 5/6 levels left

rFire    . . .     SeeInvis .   k - +1 dagger (venom)
rCold    . . .     Faith    .   (no shield)
rNeg     . . .     Spirit   .   a - +0 robe
rPois    .         Reflect  .   (helmet restricted)
rElec    .         Harm     .   (no cloak)
rCorr    .         Rampage  .   (gloves unavailable)
Will     ++...                  (boots unavailable)
Stlth    +.........             (no amulet)
HPRegen  1.16/turn              (no ring)
MPRegen  0.10/turn              (no ring)

@: strong-willed, on berserk cooldown, attractive, regenerating, slowed, heavily
drained, very slow
A: large, unfitting armour, tough skin 1
a: Renounce Religion, Berserk, Trog's Hand


You were on level 6 of the Dungeon.
You worshipped Trog.
Trog was pleased with you.
You visited 1 branch of the dungeon, and saw 4 of its levels.

You collected 115 gold pieces.

Inventory:

Hand Weapons
 e - a +2 dagger of protection
 j - a +0 flail
 k - a +1 dagger of venom (weapon)
 r - a +0 mace
Missiles
 b - 3 large rocks
 c - a throwing net (quivered)
 i - 66 stones
 q - 14 poisoned darts
Armour
 a - a +0 robe (worn)
Wands
 l - a wand of polymorph (6)
Scrolls
 m - a scroll of immolation
 n - a scroll of enchant armour
Potions
 d - 2 potions of haste {unknown}
 f - a potion of flight {unknown}
 o - a potion of invisibility {unknown}
 p - a potion of degeneration {unknown}
 s - 2 potions of magic
 t - a potion of curing {unknown}


   Skills:
 + Level 4.4 Fighting
 + Level 1.9 Maces & Flails
 + Level 3.7 Throwing
 - Level 1.7 Dodging
 - Level 1.2 Spellcasting
 - Level 2.6 Hexes


You had 5 spell levels left.
You knew the following spells:

 Your Spells              Type           Power      Damage    Failure   Level
a - Corona                Hex            8%         N/A       9%          1

Your spell library contained the following spells:

 Spells                   Type           Power      Damage    Failure   Level
 Slow                     Hex            8%         N/A       13%         2
 Inner Flame              Hex/Fire       4%         N/A       41%         3
 Portal Projectile        Hex/Tloc       8%         N/A       41%         3
 Gell's Gravitas          Tloc           0%         N/A       61%         3
 Teleport Other           Tloc           0%         N/A       61%         3
 Cause Fear               Hex            4%         N/A       65%         4
 Dispersal                Tloc           0%         N/A       100%        6


Dungeon Overview and Level Annotations

Branches:
Dungeon (3/15)

Altars:
Trog

Annotations:
D:6 Duvessa


Innate Abilities, Weirdness & Mutations

You are too large for most types of armour.
You have tough skin. (AC +1)


Message History

You hit the orc warrior.
The orc warrior is poisoned.
The orc warrior is lightly wounded.
The orc warrior barely misses you.
You hit the orc warrior but do no damage.
The orc warrior is lightly wounded.
The phantom barely misses you.
You barely miss the orc warrior.
The orc warrior is lightly wounded.
The orc warrior hits you with a +0 morningstar of draining.
You feel drained.
You hit the orc warrior but do no damage.
The orc warrior looks even sicker.
The orc warrior is lightly wounded.
The phantom hits you. The orc warrior closely misses you.
You hit the orc warrior but do no damage.
The orc warrior looks as sick as possible!
The orc warrior is lightly wounded.
The phantom hits you.
You hit the orc warrior.
The orc warrior looks as sick as possible!
The orc warrior is moderately wounded.
The orc warrior hits you with a +0 morningstar of draining!
* * * LOW HITPOINT WARNING * * *
You feel drained.
* * * LOW HITPOINT WARNING * * *
You closely miss the orc warrior.
The orc warrior is moderately wounded.
You are no longer berserk.
You are exhausted.
You feel yourself slow down.
The phantom hits you but does no damage.
You closely miss the orc warrior.
The orc warrior is moderately wounded.
The orc warrior hits you with a +0 morningstar of draining!
* * * LOW HITPOINT WARNING * * *
You feel drained.
* * * LOW HITPOINT WARNING * * *
The phantom hits you but does no damage.
The orc warrior hits you with a +0 morningstar of draining!
You die...

## ..# o...
..[...
####o......
#@Woo...?..
#o###.....
#o#...$...
#o#.#.# .
#.....# ###.#.#
#.# #########.#
........#.#.##.#


You could see an orc warrior (extremely poisoned), a phantom, an orc priest and
4 orcs.

Vanquished Creatures
  Dowan (D:6)
  An orc wizard (D:6)
  2 adders
  A worm (D:2)
  3 dart slugs
  2 orcs
  6 endoplasms
  A giant cockroach (D:1)
  5 goblins
  5 hobgoblins
  5 kobolds
  4 quokkas
  6 ball pythons
  11 bats
  6 frilled lizards
  9 rats
68 creatures vanquished.

Notes
Turn   | Place    | Note
-------+----------+-------------------------------------------
     0 | D:1      | bearlyready the Ogre Arcane Marksman began the quest for
                  | the Orb.
     0 | D:1      | Reached XP level 1. HP: 19/19 MP: 2/2
    50 | D:1      | Noticed a floating eye
    51 | D:1      | Found a faded altar of an unknown god.
   378 | D:1      | Noticed an eye of devastation
   378 | D:1      | Noticed a floating eye
   378 | D:1      | Noticed a great orb of eyes
   392 | D:1      | Became a worshipper of Trog the Wrathful
   392 | D:1      | Reached * piety under Trog
   435 | D:1      | Reached skill level 2 in Fighting
   650 | D:1      | Reached XP level 2. HP: 24/28 MP: 3/3
  1147 | D:1      | Reached XP level 3. HP: 36/36 MP: 4/4
  1270 | D:1      | Reached skill level 3 in Fighting
  1803 | D:2      | Reached ** piety under Trog
  1959 | D:2      | Reached XP level 4. HP: 35/45 MP: 5/5
  2120 | D:2      | Reached skill level 1 in Maces & Flails
  2893 | D:3      | You fall into a shaft and drop 3 floors!
  2958 | D:6      | Noticed Duvessa
  2958 | D:6      | Noticed Dowan
  2958 | D:6      | Noticed an orc warrior
  2975 | D:6      | Noticed a steam dragon
  2992 | D:6      | Noticed a phantom
  3000 | D:6      | Killed Dowan
  3001 | D:6      | Reached skill level 4 in Fighting
  3001 | D:6      | Reached XP level 5. HP: 54/54 MP: 6/6
  3016 | D:6      | HP: 2/48 [orc warrior (1)]
  3016 | D:6      | Mangled by an orc warrior

Illustrated notes

Levels and vault maps discovered:
D:1:      saegor_arrival_under_anarchy, layout_loops_corners,
          hellmonk_ecumenical_altar_watching_god
D:2:      layout_basic, minmay_fractal_squares_5
D:3:      minmay_goblin_kobold_castle, layout_loops_ring,
          gup_sewer_entry_spiral, nrook_mini_vaults, grunt_ministairs_13,
          minmay_vboxes, uniq_terence
D:6:      layout_loops_ring, gammafunk_temple_overflow_pools,
          uniq_blork_the_orc, uniq_duvessa, uniq_crazy_yiuf_cottage

Skill      XL: |  1  2  3  4 |
---------------+-------------+-----
Fighting       | 2 3 4 |  4.4
Throwing       | 3 |  3.7
Maces & Flails | 1 |  1.9
Dodging        | |  1.7
Spellcasting   | |  1.2
Hexes          | |  2.6

Action                   |  1- 3 |  4- 6 || total
-------------------------+-------+-------++-------
Melee: Unarmed           |    30 |       ||    30
       Dagger            |   121 |    99 ||   220
Throw: Large rock        |     5 |       ||     5
       Throwing net      |     2 |       ||     2
 Cast: Corona            |     4 |       ||     4
Invok: Berserk           |     1 |     1 ||     2
       Trog's Hand       |       |     1 ||     1
  Use: Scroll            |       |     3 ||     3
       Potion            |       |     1 ||     1
 Stab: Sleeping          |       |     1 ||     1
Armor: Robe              |    81 |    24 ||   105
Dodge: Dodged            |    83 |    38 ||   121
